 Dungeon Crawl Stone Soup version 0.29.1-12-g30fa7ad0bf (webtiles) character file.

Game seed: 11929280027919161009

938 cdecastro the Jinx (level 7, 0/36 HPs)
             Began as a Vampire Enchanter on Dec 13, 2022.
             Was an Initiate of Hepliaklqana.
             Slain by a vampire bat (1 damage)
             ... on level 5 of the Dungeon.
             The game lasted 00:13:32 (5783 turns).

cdecastro the Jinx (Vampire Enchanter)              Turns: 5783, Time: 00:13:32

Health: 0/36       AC:  3    Str:  7    XL:     7   Next: 87%
Magic:  7/10       EV: 12    Int: 18    God:    Hepliaklqana [......]
Gold:   460        SH:  0    Dex: 16    Spells: 2/10 levels left

rFire   . . .      SeeInvis +   a - +1 dagger
rCold   + + .      Faith    .   (no shield)
rNeg    + + +      Spirit   .   b - +0 robe
rPois   ∞          Reflect  .   (no helmet)
rElec   .          Harm     .   (no cloak)
rCorr   .          Rampage  .   j - +0 pair of gloves
Will    .....                   (no boots)
Stlth   ++++++....              (no amulet)
HPRegen 0.00/turn               (no ring)
MPRegen 0.12/turn               (no ring)

@: confusing by touch, bloodless, inhibited regen, invisible
A: bloodless, fangs 3, see invisible, vampiric 2
a: Bat Form, Revivify, Renounce Religion


You were on level 5 of the Dungeon.
You worshipped Hepliaklqana.
Hepliaklqana was noncommittal.
You visited 2 branches of the dungeon, and saw 6 of its levels.

You collected 460 gold pieces.

Inventory:

Hand Weapons
 a - a +1 dagger (weapon)
Missiles
 w - 3 boomerangs
Armour
 b - a +0 robe (worn)
 j - a +0 pair of gloves (worn)
Magical Staves
 u - a staff of poison
Jewellery
 k - a ring of protection from fire
 l - an amulet of guardian spirit
 s - an amulet of reflection
Scrolls
 d - 4 scrolls of poison {unknown}
 e - 2 scrolls of noise {unknown}
 g - a scroll of blinking {unknown}
 n - a scroll of immolation {unknown}
 q - a scroll of magic mapping {unknown}
 r - a scroll of teleportation {unknown}
 t - 2 scrolls of vulnerability {unknown}
Potions
 c - a potion of invisibility
 f - a potion of mutation {unknown}
 h - a potion of brilliance {unknown}
 i - a potion of curing {unknown}
 m - a potion of haste {unknown}
 o - a potion of flight {unknown}
 p - a potion of resistance {unknown}
 v - a potion of degeneration {unknown}


   Skills:
 - Level 1.1 Short Blades
 - Level 2.1 Dodging
 + Level 9.2 Stealth
 - Level 2.0 Spellcasting
 * Level 11.4 Hexes


You had 2 spell levels left.
You knew the following spells:

 Your Spells              Type           Power      Damage    Failure   Level
a - Ensorcelled Hibernat  Hex/Ice        44%        N/A       2%          2
b - Confusing Touch       Hex            43%        N/A       1%          3
c - Tukima's Dance        Hex            43%        N/A       1%          3

Your spell library contained the following spells:

 Spells                   Type           Power      Damage    Failure   Level
 Beastly Appendage        Tmut           2%         N/A       19%         1
 Shock                    Conj/Air       4%         1d3       19%         1
 Wereblood                Tmut           1%         N/A       26%         2
 Dazzling Flash           Conj/Hex       44%        N/A       5%          3
 Conjure Flame            Conj/Fire      1%         6-21      47%         3
 Ignite Poison            Fire/Tmut/Pois 1%         N/A       47%         3
 Mephitic Cloud           Conj/Pois/Air  1%         N/A       47%         3
 Spider Form              Tmut/Pois      1%         N/A       47%         3
 Swiftness                Air            1%         N/A       47%         3
 Airstrike                Air            0%         2d(1-17)  87%         4
 Sticky Flame             Conj/Fire      1%         2d3       87%         4
 Freezing Cloud           Conj/Ice/Air   0%         6-21      99%         5


Dungeon Overview and Level Annotations

Branches:
Dungeon (5/15)             Temple (1/1) D:4

Altars:
Ashenzari
Cheibriados
Dithmenos
Fedhas
Gozag
Hepliaklqana
Kikubaaqudgha
Makhleb
Nemelex Xobeh
Qazlal
Trog
Uskayaw
Vehumet
Wu Jian
Xom
Yredelemnul

Annotations:
D:4 2 runed translucent doors, Sambug2000's ghost, novice MiFi
Temple 2 transporters


Innate Abilities, Weirdness & Mutations

You do not regenerate when monsters are visible.
You are frail without blood (-20% HP).
You can heal yourself when you bite living creatures.
You are immune to poison.
You have razor-sharp teeth.
You have supernaturally acute eyesight. (SInv)
You are afflicted with vampirism and can become a bat while bloodless.


Message History

* * * LOW HITPOINT WARNING * * *
The bat skeleton hits you.
* * * LOW HITPOINT WARNING * * *
The bat skeleton attacks as you move away!
The bat skeleton hits you.
* * * LOW HITPOINT WARNING * * *
The bat skeleton misses you. The vampire bat bites you.
* * * LOW HITPOINT WARNING * * *
The vampire bat bites you.
* * * LOW HITPOINT WARNING * * *
The bat skeleton misses you.
There is an open gate here.
The vampire bat attacks as you move away!
The vampire bat misses you.
The bat skeleton hits you but does no damage.
The vampire bat barely misses you. The vampire bat closely misses you.
The bat skeleton closely misses you.
The vampire bat attacks as you move away!
The vampire bat barely misses you.
The vampire bat attacks as you move away!
The vampire bat barely misses you. The vampire bat bites you.
* * * LOW HITPOINT WARNING * * *
The vampire bat bites you but does no damage.
The vampire bat closely misses you.
The vampire bat bites you but does no damage.
The vampire bat bites you.
* * * LOW HITPOINT WARNING * * *
Unknown command.
Casting: Confusing Touch (safe; 1% risk of failure)
Confirm with . or Enter, or press ? or * to list all spells.
Your hands begin to glow red.
The vampire bat bites you.
* * * LOW HITPOINT WARNING * * *
The vampire bat bites you.
* * * LOW HITPOINT WARNING * * *
Unknown command.
Okay, then.
Unknown command.
You fade into invisibility!
The vampire bat bites you.
You die...

#####........###.⌠.#.⌠.##
.#..#.#......##.#.#.#.#.#
......#......##..#.⌠.#..#
.............##.#.#.#.#.#
.######......###.⌠.#.⌠.##
.# #......# ##.....## .#
#......#####'''## .###
#........###Z..#
...#####.#####..@bb###
.....###.# #.#####
(....##..#####.#
##.#.....#####.#
##.......#(#.#.#
###...>..#/#.+.#
###.#..#$#.#.#
###)#..#[#○#.#
###......#[#.#.#


You could see 2 vampire bats and a bat skeleton (unable to see you).

Vanquished Creatures
  A wyvern (D:4)
  An ogre (D:5)
  2 phantoms (D:5)
  2 necrophages
  2 scorpions (D:5)
  A howler monkey (D:4)
  An orc priest (D:3)
  A hound (D:4)
  An iguana (D:5)
  An orc wizard (D:3)
  7 adders
  An ufetubus (D:5)
  4 worms
  5 dart slugs
  6 orcs
  A bat skeleton (D:5)
  4 bat zombies (D:5)
  5 endoplasms
  8 giant cockroaches
  10 goblins
  8 hobgoblins
  3 jackals
  3 kobolds
  3 quokkas (D:1)
  5 ball pythons
  8 bats
  5 frilled lizards
  3 rats
102 creatures vanquished.

Vanquished Creatures (others)
  9 fungi (D:2)
  5 toadstools (D:2)
14 creatures vanquished.

Grand Total: 116 creatures vanquished

Notes
Turn   | Place    | Note
-------+----------+-------------------------------------------
     0 | D:1      | cdecastro the Vampire Enchanter began the quest for the
                  | Orb.
     0 | D:1      | Reached XP level 1. HP: 13/13 MP: 3/3
   407 | D:1      | Reached skill level 5 in Hexes
   407 | D:1      | Reached XP level 2. HP: 3/15 MP: 5/5
   646 | D:1      | Learned a level 2 spell: Ensorcelled Hibernation
  1227 | D:1      | Reached skill level 5 in Stealth
  1563 | D:2      | Gained mutation: You are afflicted with vampirism and can
                  | become a bat while bloodless. [Vampire growth]
  1563 | D:2      | Reached XP level 3. HP: 19/19 MP: 6/6
  1567 | D:2      | Learned a level 3 spell: Confusing Touch
  1950 | D:2      | Noticed a necrophage
  1960 | D:2      | Reached skill level 6 in Hexes
  2218 | D:2      | Reached XP level 4. HP: 24/24 MP: 7/7
  2652 | D:2      | Killed a necrophage
  2653 | D:2      | Reached skill level 7 in Hexes
  2653 | D:2      | Reached XP level 5. HP: 7/28 MP: 5/8
  3413 | D:3      | Reached skill level 8 in Hexes
  3973 | D:4      | Reached XP level 6. HP: 32/32 MP: 9/9
  3983 | D:4      | Found a staircase to the Ecumenical Temple.
  4072 | D:4      | Noticed a wyvern
  4092 | D:4      | Killed a wyvern
  4093 | D:4      | Reached skill level 9 in Hexes
  4760 | D:4      | Found a large runed translucent door.
  4762 | D:4      | Found a large runed translucent door.
  4774 | Temple   | Entered the Ecumenical Temple
  4774 | Temple   | Found a transporter.
  4774 | Temple   | Found a transporter.
  4776 | Temple   | Found a transporter.
  4776 | Temple   | Found a transporter.
  4787 | Temple   | Became a worshipper of Hepliaklqana the Forgotten
  4871 | D:4      | Noticed Sambug2000's ghost (novice MiFi)
  4914 | D:5      | Entered Level 5 of the Dungeon
  5050 | D:5      | Reached XP level 7. HP: 35/36 MP: 4/10
  5132 | D:5      | Reached skill level 10 in Hexes
  5509 | D:5      | Reached skill level 11 in Hexes
  5558 | D:5      | Learned a level 3 spell: Tukima's Dance
  5761 | D:5      | Found an ancient bone altar of Kikubaaqudgha.
  5782 | D:5      | HP: 1/36 [vampire bat (2)]
  5783 | D:5      | Slain by a vampire bat

Illustrated notes

Levels and vault maps discovered:
D:1:      giann_forest_graveyard, layout_basic, minmay_distorted
D:2:      minmay_evil_eye, layout_loops_ring, basic_altar,
          minmay_gold_behind_fungi, minmay_nonomino_d4
D:3:      layout_loops_ring, kennysheep_orc_chapel
D:4:      layout_basic, minmay_temple_entry_large_hall,
          ebering_ghost_disaster_area, columned_hall_lemuel, minmay_bisected
D:5:      lemuel_ice_spiral_2, layout_rooms, kennysheep_vampire_church
Temple:   hellmonk_temple_divided_pantheon

Skill      XL: |  1  2  3  4  5  6  7 |
---------------+----------------------+-----
Hexes          | 5 6 7 8 9 11 | 11.4
Stealth        | 5 6 7 9 |  9.2
Short Blades   | |  1.1
Dodging        | |  2.1
Spellcasting   | |  2.0

Action                   |  1- 3 |  4- 6 |  7- 9 || total
-------------------------+-------+-------+-------++-------
Melee: Dagger            |    74 |   103 |    44 ||   221
       Bite              |     2 |    10 |     1 ||    13
       Punch             |     1 |     1 |       ||     2
 Cast: Ensorcelled Hiber |    11 |    21 |     1 ||    33
       Confusing Touch   |       |     3 |     7 ||    10
 Abil: Exsanguinate      |     1 |       |       ||     1
  Use: Potion            |       |       |     1 ||     1
 Stab: Sleeping          |    22 |    32 |     6 ||    60
       Confused          |       |     3 |     7 ||    10
       Distracted        |       |     3 |       ||     3
Armor: Robe              |    22 |    14 |    33 ||    69
Dodge: Dodged            |    54 |    50 |    73 ||   177
